 Dungeon Crawl Stone Soup version 0.28-a0-948-gee6e0bcda6 (webtiles) character file.

Game seed: 11737915400092786670

1563 AarnesTheHuman the Thrower (level 8, -4/87 HPs)
             Began as an Ogre Hunter on Nov 30, 2021.
             Was a Follower of Cheibriados.
             Slain by a wyvern zombie (12 damage)
             ... on level 6 of the Dungeon.
             The game lasted 00:18:44 (7608 turns).

AarnesTheHuman the Thrower (Ogre Hunter)            Turns: 7608, Time: 00:18:44

Health: -4/87      AC:  3    Str: 22    XL:     8   Next: 89%
Magic:  10/10      EV: 10    Int: 15    God:    Cheibriados [*.....]
Gold:   144        SH:  0    Dex: 18    Spells: 7/7 levels left

rFire   . . .      SeeInvis .   t - +1 halberd (vamp)
rCold   . . .      Faith    .   (shield currently unavailable)
rNeg    . . .      Spirit   .   j - +0 robe
rPois   .          Reflect  .   (helmet restricted)
rElec   .          Harm     .   (no cloak)
rCorr   .          Rampage  .   (gloves unavailable)
Will    .....                   (boots unavailable)
Stlth   ++........              q - amulet of regeneration
HPRegen 1.04/turn               u - +6 ring of dexterity
MPRegen 0.12/turn               (no ring)

@: very slow
A: large, unfitting armour, tough skin 1
a: Renounce Religion, Bend Time


You were on level 6 of the Dungeon.
You worshipped Cheibriados.
Cheibriados was aware of your devotion.
You visited 1 branch of the dungeon, and saw 6 of its levels.
You also visited: Sewer.

You collected 144 gold pieces.

Inventory:

Hand Weapons
 a - a +0 short sword
 b - a +0 hunting sling
 n - a +0 whip of venom
 t - a +1 vampiric halberd (weapon)
 F - a +0 hunting sling
Missiles
 d - 4 throwing nets
 k - 49 stones
 v - 16 sling bullets
 z - 10 boomerangs (quivered)
 B - a large rock
 D - 3 javelins
 I - a curare-tipped dart
Armour
 j - a +0 robe (worn)
 C - a +0 kite shield
Jewellery
 q - an amulet of regeneration (around neck)
 u - a +6 ring of dexterity (left hand)
 E - an amulet of the acrobat
Wands
 y - a wand of mindburst (33)
Scrolls
 c - a scroll of acquirement
 e - 2 scrolls of fog
 h - 2 scrolls of fear
 i - 2 scrolls of teleportation
 l - a scroll of magic mapping
 s - a scroll of summoning
 G - a scroll of blinking {unknown}
Potions
 f - 8 potions of heal wounds
 g - a potion of brilliance
 m - a potion of might
 o - a potion of degeneration {unknown}
 p - 3 potions of flight
 r - a potion of haste {unknown}
 w - 2 potions of cancellation
 x - a potion of attraction {unknown}
 A - a potion of mutation
 H - a potion of curing


   Skills:
 + Level 7.0 Fighting
 * Level 5.9 Polearms
 * Level 8.0 Throwing
 - Level 1.7 Dodging
 - Level 0.6 Stealth
 + Level 2.8 Invocations


You had 7 spell levels left.
You didn't know any spells.
Your spell library contained the following spells:

 Spells                   Type           Power      Damage    Failure   Level
 Animate Skeleton         Necr           0%         N/A       26%         1
 Animate Dead             Necr           0%         N/A       95%         4
 Borgnjor's Vile Clutch   Necr/Erth      0%         N/A       100%        5
 Death Channel            Necr           0%         N/A       100%        6


Dungeon Overview and Level Annotations

Branches:
Dungeon (6/15)              Sewer (visited)
 Temple: D:4-7

Altars:
Cheibriados
Makhleb
Xom
The Shining One

Shops:
D:3 !

Annotations:
D:1 exclusion: 2 downstairs
D:2 Sigmund
D:3 exclusion: downstairs
D:6 1 runed translucent door, exclusion: door, BreadTh's ghost, novice HOFE


Innate Abilities, Weirdness & Mutations

You are too large for most types of armour.
You have tough skin. (AC +1)


Message History

You open the door.
There is an open door here.
You open the door.
There is an open door here.
An iguana and a zombie come into view.
The iguana hisses angrily.
You barely miss the iguana. The iguana bites you. The wyvern zombie bites you!
You barely miss the iguana. The wyvern zombie bites you. The iguana bites you!
The wyvern zombie barely misses you.
The iguana bites you but does no damage.
You puncture the iguana!
You feel better.
The iguana is heavily wounded.
The wyvern zombie bites you! The iguana bites you!
There is an open door here.
You barely miss the wyvern zombie. The wyvern zombie bites you! x2
* * * LOW HITPOINT WARNING * * *
You hit the iguana.
You feel better.
The iguana is severely wounded.
The wyvern zombie bites you but does no damage.
The iguana barely misses you.
The wyvern zombie bites you but does no damage.
You puncture the iguana!
You kill the iguana!
Cheibriados appreciates the change of pace.
The wyvern zombie bites you.
* * * LOW HITPOINT WARNING * * *
Your Fighting skill increases to level 7!
You completely miss the wyvern zombie. The wyvern zombie barely misses you.
The wyvern zombie bites you!
* * * LOW HITPOINT WARNING * * *
You hit the wyvern zombie but do no damage.
The wyvern zombie bites you!
* * * LOW HITPOINT WARNING * * *
Throw: 2 large rocks
Press: ? - help, Shift-Dir - straight line, f - wyvern zombie
Aim: a wyvern zombie (83% to hit)
You throw a large rock. The large rock hits the wyvern zombie!
The wyvern zombie is moderately damaged.
The wyvern zombie bites you!
You die...

#......#..#....# #
#<.....##.# ...#+## #
.....#####'##......# #
.....#......#......# ##
.....#......#......# #.
...> #..##..#......+
###### ...
#..##..#......# #....#
#..##..#......# #.....
#......@†.....# #.....
#......#Z.....# #.....
#......#......#####.....
########................
............####.
.............# #.
...######.....# #. ....
#.....# #. ..... #.....#
#.


You could see a wyvern zombie.

Vanquished Creatures
  2 wyverns
  Edmund (D:5)
  2 ice beasts
  A sky beast (D:5)
  An ogre (D:5)
  A kobold brigand (Sewer)
  2 scorpions (D:4)
  A water moccasin skeleton (D:5)
  A crimson imp (D:4)
  A bullfrog zombie (D:6)
  A centaur zombie (D:5)
  A hound (D:5)
  An orc priest (D:5)
  A gnoll shaman (D:4)
  4 iguanas
  Robin (D:3)
  4 adders
  7 gnolls
  A river rat (D:6)
  A howler monkey skeleton (D:5)
  An ufetubus (D:4)
  3 worms
  3 dart slugs
  11 orcs
  6 endoplasms
  4 giant cockroaches
  7 goblins
  13 hobgoblins
  7 jackals
  7 kobolds
  3 quokkas
  4 ball pythons
  6 bats
  2 frilled lizards
  10 rats
122 creatures vanquished.

Notes
Turn   | Place    | Note
-------+----------+-------------------------------------------
     0 | D:1      | AarnesTheHuman the Ogre Hunter began the quest for the Orb.
     0 | D:1      | Reached XP level 1. HP: 22/22 MP: 1/1
   389 | D:1      | Reached XP level 2. HP: 21/31 MP: 2/2
   907 | D:1      | Reached XP level 3. HP: 8/37 MP: 3/3
  2292 | D:2      | Noticed Sigmund
  2736 | D:3      | Reached skill level 5 in Throwing
  2743 | D:3      | Reached XP level 4. HP: 48/48 MP: 4/4
  2944 | D:3      | Found Acvoudyo's Distillery.
  3074 | D:3      | Found a faded altar of an unknown god.
  3082 | D:3      | Got Plato's Handbook of Evil
  3594 | D:3      | Noticed Robin
  3865 | D:3      | Reached XP level 5. HP: 54/54 MP: 5/5
  3978 | D:3      | Killed Robin
  3979 | D:3      | Reached skill level 1 in Polearms
  4200 | D:4      | Identified a scroll of acquirement
  4517 | D:4      | Found a burning altar of Makhleb.
  4517 | D:4      | Found a shimmering altar of Xom.
  4542 | D:4      | Reached XP level 6. HP: 47/63 MP: 6/6
  4746 | D:5      | Entered Level 5 of the Dungeon
  4932 | D:5      | Reached skill level 5 in Fighting
  4932 | D:5      | Reached skill level 6 in Throwing
  5221 | D:4      | Reached XP level 7. HP: 66/72 MP: 7/7
  5538 | D:5      | Noticed a wyvern
  5541 | D:5      | Killed a wyvern
  5557 | D:5      | Found a snail-covered altar of Cheibriados.
  5562 | D:5      | Became a worshipper of Cheibriados the Contemplative
  5590 | D:5      | Reached skill level 7 in Throwing
  5710 | D:5      | Reached skill level 1 in Invocations
  5710 | D:5      | Reached XP level 8. HP: 77/83 MP: 8/8
  5929 | D:5      | Noticed Edmund
  5933 | D:5      | Killed Edmund
  6200 | D:5      | Found a glowing golden altar of the Shining One.
  6234 | D:5      | Reached skill level 5 in Polearms
  6455 | D:6      | Noticed a wyvern
  6462 | D:6      | Killed a wyvern
  6464 | D:6      | Reached * piety under Cheibriados
  6647 | D:6      | Found a glowing drain.
  6651 | Sewer    | Entered a sewer
  7288 | Sewer    | Reached skill level 8 in Throwing
  7384 | Sewer    | Found a glowing silver altar of Zin.
  7562 | D:6      | Found a runed translucent door.
  7567 | D:6      | Noticed BreadTh's ghost (novice HOFE)
  7608 | D:6      | Slain by a wyvern zombie

Illustrated notes

Levels and vault maps discovered:
D:1:      heliophobic_arrival_enchanted_forest, layout_loops_ring
D:2:      layout_loops_corners, uniq_sigmund
D:3:      kennysheep_six_static_rooms, layout_basic, serial_shops,
          nicolae_shop_crystal, shapermc_ecumenical_altar_rom_forum,
          serial_glass, glass_columns_a, glass_columns_b, glass_columns_a,
          glass_columns_c, glass_columns_b, glass_columns_a, glass_columns_c,
          glass_columns_a, uniq_robin
D:4:      layout_basic, grunt_temple_overflow_champion_of_chaos
D:5:      minmay_spotlight, layout_layer_cave, cheibriados_altar_1,
          nicolae_tso_carved_into_rock, serial_rivers,
          chequers_serial_rivers_room_b, chequers_serial_rivers_small_3,
          chequers_serial_rivers_micro_a, chequers_serial_rivers_micro_a,
          kennysheep_generic_room_2, uniq_edmund
D:6:      minmay_general_purpose_star, layout_gridville,
          mainiacjoe_overflow_catwalk, gup_sewer_entry_spiral,
          ebering_ghost_sewer_f

Skill      XL: |  1  2  3  4  5  6  7  8 |
---------------+-------------------------+-----
Fighting       | 3 4 5 6 7 |  7.0
Throwing       | 5 6 7 8 |  8.0
Polearms       | 2 3 4 5 |  5.9
Invocations    | 1 2 |  2.8
Dodging        | |  1.7
Stealth        | |  0.6

Action                   |  1- 3 |  4- 6 |  7- 9 || total
-------------------------+-------+-------+-------++-------
Melee: Short sword       |   168 |    11 |       ||   179
       Halberd           |       |   128 |   111 ||   239
Throw: Large rock        |     6 |     7 |    14 ||    27
       Throwing net      |     1 |     2 |       ||     3
       Stone             |       |     1 |       ||     1
       Boomerang         |       |    12 |    17 ||    29
       Javelin           |       |       |     2 ||     2
  Use: Scroll            |       |    12 |     3 ||    15
       Potion            |       |     1 |       ||     1
 Stab: Sleeping          |     1 |     1 |     3 ||     5
Armor: Robe              |    64 |    38 |    34 ||   136
Dodge: Dodged            |    74 |    61 |    43 ||   178

Table legend: (Time is in decaauts)
 A = Elapsed time spent in this place.
 B = Non-inter-level travel time spent in this place.
 C = Inter-level travel time spent in this place.
 D = Time resting spent in this place.
 E = Time spent auto-exploring this place.
 F = Levels seen in this place.
 G = Mean time per level.
                   A        B        C        D        E       F      G
               +--------+--------+--------+--------+--------+-----+--------+
         Total |   8336 |   7940 |    396 |   1976 |   3875 |   7 | 1190.9 |
       Dungeon |   7378 |   6982 |    396 |   1455 |   3790 |   6 | 1229.7 |
         Sewer |    958 |    958 |      0 |    520 |     84 |   1 |  958.0 |
               +--------+--------+--------+--------+--------+-----+--------+

Top non-repeatable levels by time:
     D:1: 1725 daAuts
     D:5: 1610 daAuts
     D:3: 1355 daAuts
     D:2: 1150 daAuts
   Sewer: 958 daAuts
     D:4: 924 daAuts
     D:6: 610 daAuts
